 Dungeon Crawl Stone Soup version 0.30-a0-576-g89cddaab80 (webtiles) character file.

Game seed: 8448939602902403739

3139 Conn the Firebug (level 9, -6/81 HPs)
             Began as an Octopode Fire Elementalist on Dec 30, 2022.
             Was a Believer of Sif Muna.
             Mangled by a human
             ... wielding a +0 war axe
              (7 damage)
             ... in a bailey on Jan 1, 2023.
             The game lasted 00:29:43 (6670 turns).

Conn the Firebug (Octopode Fire Elementalist)       Turns: 6670, Time: 00:29:43

Health: -6/81      AC: 28    Str:  7    XL:     9   Next: 92%
Magic:  14/19      EV:  2    Int: 22    God:    Sif Muna [**....]
Gold:   368        SH:  0    Dex: 12    Spells: 6/21 levels left

rFire   . . .      SeeInvis .    y - +6 dagger (freeze)
rCold   . . .      Faith    .    (no shield)
rNeg    . . .      Spirit   .    (helmet currently unavailable)
rPois   +          Reflect  .    (no amulet)
rElec   .          Harm     .    s - +4 ring of protection
rCorr   .          Rampage  .    (no ring)
Will    .....      NoTele   +    (no ring)
Stlth   +++                      (no ring)
HPRegen 0.33/turn                (no ring)
MPRegen 0.16/turn                (no ring)
                                 (no ring)
                                 (no ring)

@: mighty, tree-form (expiring), hasted, very quick
A: stationary, stasis, torment immunity, boosted hp, almost no armour,
(amphibious), 8 rings, (camouflage 1), (gelatinous body 1), (nimble swimmer 1),
(tentacles)
a: Renounce Religion, Channel Magic


You were in a bailey.
You worshipped Sif Muna.
Sif Muna was pleased with you.
You were a tree.
You visited 1 branch of the dungeon, and saw 7 of its levels.
You also visited: Bailey.

You collected 368 gold pieces.

Inventory:

Hand Weapons
 g - a +0 dagger
 y - a +6 dagger of freezing (weapon)
Missiles
 v - a throwing net
 w - 4 curare-tipped darts
Jewellery
 s - a +4 ring of protection (left branch)
Wands
 m - a wand of flame (17)
 t - a wand of charming (3)
Scrolls
 b - a scroll of poison
 c - 2 scrolls of enchant armour
 f - a scroll of vulnerability {unknown}
 j - 5 scrolls of fog {unknown}
 l - 9 scrolls of teleportation {unknown}
 n - a scroll of torment {unknown}
 o - 7 scrolls of identify {unknown}
 q - a scroll of immolation {unknown}
 x - a scroll of brand weapon {unknown}
Potions
 e - a potion of lignification
 i - 3 potions of might
 u - a potion of degeneration {unknown}
 z - a potion of brilliance {unknown}


   Skills:
 + Level 2.2 Fighting
 + Level 2.3 Short Blades
 + Level 3.4 Dodging
 + Level 5.0 Stealth
 + Level 6.8 Spellcasting
 * Level 4.5 Conjurations
 + Level 2.0 Hexes
 * Level 3.4 Translocations
 + Level 7.3 Fire Magic
 + Level 0.6 Air Magic
 * Level 3.5 Invocations
 + Level 0.7 Evocations


You had 6 spell levels left.
You knew the following spells:

 Your Spells              Type           Power      Damage    Failure   Level
a - Foxfire               Conj/Fire      100%       2x1d9     1%          1
b - Kindle Blastsparks    Fire/Tloc/Air  48%        2d14      5%          3
c - Inner Flame           Hex/Fire       28%        N/A       3%          3
d - Flame Wave            Conj/Fire      33%        2d10      7%          4
e - Scorch                Fire           80%        2d9       1%          2
f - Blink                 Tloc           44%        N/A       3%          2

Your spell library contained the following spells:

 Spells                   Type           Power      Damage    Failure   Level
 Necrotise                Necr           28%        1d5       9%          1
 Portal Projectile        Hex/Tloc       38%        N/A       9%          3
 Manifold Assault         Tloc           22%        N/A       21%         4
 Call Canine Familiar     Summ           7%         N/A       26%         3
 Vampiric Draining        Necr           7%         2d6       26%         3
 Leda's Liquefaction      Hex/Erth       5%         N/A       50%         4
 Agony                    Necr           7%         N/A       93%         5
 Storm Form               Tmut/Air       4%         N/A       100%        7


Dungeon Overview and Level Annotations

Branches:
Dungeon (7/15)             Temple (0/1) D:6          Bailey (1/1)

Altars:
Qazlal
Sif Muna
The Shining One

Shops:
D:3 =


Innate Abilities, Weirdness & Mutations

You are a tree.
Your roots penetrate the ground, keeping you stationary.
You cannot be teleported.
You are immune to unholy pain and torment.
Your maximum health is greatly increased.
You cannot wear most types of armour.
((You are amphibious.))
You can wear up to eight rings at the same time.
((Your skin changes colour to match your surroundings (Stealth+).))
((Your rubbery body absorbs attacks. (AC +1, EV +1)))
((You are camouflaged when in or above water. (Stealth+)))
((You have tentacles for arms and can constrict up to eight enemies at once.))


Message History

It is a scroll of enchant weapon.
Your +5 dagger of freezing glows red for a moment.
The goblin's inner flame fades away.
Casting: Blink (safe; 3% risk of failure)
Confirm with . or Enter, or press ? or * to list all spells.
Casting: Flame Wave (dangerous; 7% risk of failure)
Press: ? - help, Dir - look around, f - activate A wave of flame ripples out!
The flame wave engulfs the goblin!
You kill the goblin!
Sif Muna accepts your kill.
The flame wave engulfs the goblin!
You kill the goblin!
Sif Muna accepts your kill.
The flame wave engulfs the human.
The human is moderately wounded.
The flame wave engulfs the human.
The human is moderately wounded. (Press . to intensify the flame waves.)
You hear a croak. x2; You hear a shout!
The human hits you but does no damage. The human hits you with a +0 war axe!
* * * LOW HITPOINT WARNING * * *
Okay, then.
Unknown command.
Okay, then.
Unknown command.
A wave of flame ripples out!
The flame wave engulfs the human.
The human is heavily wounded.
The flame wave engulfs the human.
The human is heavily wounded.
Your transformation is almost over.
A wave of flame ripples out!
The flame wave engulfs the human!
The human is almost dead.
The flame wave engulfs the human.
The human is severely wounded.
You finish channelling waves of flame.
You hear a loud, deep croak!
The human hits you with a +0 war axe.
* * * LOW HITPOINT WARNING * * *
The human hits you with a +0 war axe!
You die...

#### #..+
#..## #...# #
#...# #..
##...#
#..p.#...)#
#......#'#+#
##.p..##.)♣##
######..)pp#
#.∩.∩.#
#.....#
##...## #####


You could see 2 humans.

Vanquished Creatures
  2 humans (Bailey)
  A steam dragon (D:7)
  Menkaure (D:4)
  An orc warrior (D:6)
  3 ogres
  2 black bears
  2 centaurs
  Blork the orc (D:4)
  A gnoll sergeant (D:5)
  2 necrophages (D:6)
  3 bullfrogs
  A scorpion (D:7)
  11 wights (D:7)
  Dowan (D:7)
  3 jellies
  2 orc priests
  6 hounds
  An iguana (D:7)
  2 orc wizards
  A mummy (D:7)
  12 gnolls
  7 adders
  2 shadow imps (D:6)
  3 ufetubi
  2 worms
  3 dart slugs
  9 orcs
  4 endoplasms
  5 giant cockroaches
  7 hobgoblins
  4 jackals (D:2)
  4 quokkas
  6 ball pythons
  3 bats
  2 frilled lizards
  8 goblins
  2 hobgoblin zombies (D:7)
  5 kobolds
  2 orc zombies (D:7)
  7 rats
144 creatures vanquished.

Vanquished Creatures (collateral kills)
  Duvessa (D:7)
  4 foxfires (D:4)
5 creatures vanquished.

Vanquished Creatures (others)
  324 foxfires
324 creatures vanquished.

Grand Total: 473 creatures vanquished

Notes
Turn   | Place    | Note
-------+----------+-------------------------------------------
     0 | D:1      | Conn the Octopode Fire Elementalist began the quest for the
                  | Orb.
     0 | D:1      | Reached XP level 1. HP: 11/11 MP: 3/3
    27 | D:1      | Upgraded the game from 0.30-a0-575-g6f4a10e2d2 to
                  | 0.30-a0-576-g89cddaab80
   174 | D:1      | Reached XP level 2. HP: 9/17 MP: 0/5
   241 | D:1      | Learned a level 2 spell: Scorch
   352 | D:1      | Found a faded altar of an unknown god.
  1016 | D:2      | Reached XP level 3. HP: 21/21 MP: 3/6
  1087 | D:2      | Found a stormy altar of Qazlal.
  1549 | D:2      | Reached XP level 4. HP: 11/27 MP: 1/8
  1955 | D:3      | Reached skill level 4 in Fire Magic
  1977 | D:3      | Learned a level 3 spell: Kindle Blastsparks
  1981 | D:3      | Learned a level 3 spell: Inner Flame
  1992 | D:3      | Found a shimmering blue altar of Sif Muna.
  1992 | D:3      | Found a glowing golden altar of the Shining One.
  1996 | D:3      | Became a worshipper of Sif Muna the Loreminder
  2020 | D:3      | Noticed a black bear
  2028 | D:3      | Killed a black bear
  2029 | D:3      | Reached XP level 5. HP: 31/31 MP: 0/10
  2457 | D:3      | Found Heotwux's Jewellery Emporium.
  2936 | D:4      | Noticed an ogre
  2939 | D:4      | Killed an ogre
  2940 | D:4      | Reached XP level 6. HP: 36/36 MP: 5/11
  3118 | D:4      | Noticed Menkaure
  3126 | D:4      | Killed Menkaure
  3127 | D:4      | Reached skill level 5 in Fire Magic
  3378 | D:4      | Reached XP level 7. HP: 32/42 MP: 4/13
  3625 | D:4      | Noticed Blork the orc
  3629 | D:4      | Killed Blork the orc
  3643 | D:4      | Reached skill level 1 in Short Blades
  3646 | D:4      | Reached * piety under Sif Muna
  3908 | D:5      | Entered Level 5 of the Dungeon
  4420 | D:5      | Reached skill level 1 in Fighting
  4420 | D:5      | Reached XP level 8. HP: 48/48 MP: 8/15
  4540 | D:5      | Reached skill level 1 in Hexes
  4880 | D:6      | Reached skill level 5 in Spellcasting
  4930 | D:6      | Learned a level 4 spell: Flame Wave
  4933 | D:6      | Learned a level 2 spell: Blink
  4983 | D:6      | Reached skill level 6 in Fire Magic
  5042 | D:6      | Found a staircase to the Ecumenical Temple.
  5091 | D:6      | Reached skill level 1 in Translocations
  5091 | D:6      | Reached skill level 1 in Invocations
  5889 | D:6      | Reached XP level 9. HP: 53/53 MP: 9/17
  6198 | D:7      | Reached skill level 7 in Fire Magic
  6271 | D:7      | Reached ** piety under Sif Muna
  6405 | D:7      | Noticed Duvessa
  6406 | D:7      | Noticed Dowan
  6415 | D:7      | Killed Dowan
  6438 | D:7      | Killed Duvessa
  6562 | D:7      | Found a flagged portal.
  6568 | Bailey   | Entered a bailey
  6627 | Bailey   | Reached skill level 5 in Stealth
  6668 | Bailey   | HP: 3/81 [human/+0 war axe (7)]
  6670 | Bailey   | HP: 1/81 [human/+0 war axe (2)]
  6670 | Bailey   | Mangled by a human

Illustrated notes

Levels and vault maps discovered:
D:1:      psy_arrival_fountain, layout_loops_ring, basic_ecumenical_altar
D:2:      layout_rooms, basic_altar
D:3:      layout_basic, mainiacjoe_overflow_divided_tiny, serial_shops, shop
D:4:      nicolae_BIG_FREAKIN_CUBE, layout_gridville, cheibrodos_gnoll_hut,
          uniq_blork_the_orc, uniq_menkaure
D:5:      layout_basic
D:6:      layout_basic, minmay_temple_entry_antechambers
D:7:      layout_loops_ring, gammafunk_ghost_nasty_kobolds, enter_bailey_2,
          minmay_mini_ossuary, uniq_duvessa
Bailey:   bailey_axe_froggy_fort_hellmonk, bailey

Skill      XL: |  1  2  3  4  5  6  7  8  9 |
---------------+----------------------------+-----
Spellcasting   | 3 4 5 6 |  6.8
Stealth        | 3 4 5 |  5.0
Fire Magic     | 4 5 6 7 |  7.3
Conjurations   | 2 3 4 |  4.5
Short Blades   | 1 2 |  2.3
Fighting       | 1 2 |  2.2
Hexes          | 1 2 |  2.0
Dodging        | 3 |  3.4
Translocations | 2 3 |  3.4
Invocations    | 1 3 |  3.5
Air Magic      | |  0.6
Evocations     | |  0.7

Action                   |  1- 3 |  4- 6 |  7- 9 || total
-------------------------+-------+-------+-------++-------
Melee: Constrict         |     8 |     6 |    10 ||    24
       Tentacles         |     5 |     5 |    12 ||    22
       Unarmed           |     3 |       |       ||     3
       Dagger            |    13 |    27 |    93 ||   133
       Punch             |     1 |       |     1 ||     2
 Cast: Foxfire           |    65 |    42 |    85 ||   192
       Scorch            |     5 |     5 |    41 ||    51
       Inner Flame       |       |     1 |    14 ||    15
       Kindle Blastspark |       |       |     7 ||     7
       Blink             |       |       |     5 ||     5
       Flame Wave        |       |       |     5 ||     5
Invok: Channel Magic     |       |       |     2 ||     2
Evoke: Wand              |       |       |     5 ||     5
  Use: Potion            |     2 |       |    12 ||    14
       Scroll            |       |     1 |     3 ||     4
 Stab: Sleeping          |     1 |     4 |     5 ||    10
       Distracted        |       |     1 |     1 ||     2
Armor: Skin              |     1 |    10 |   130 ||   141
Dodge: Dodged            |     9 |    19 |    66 ||    94

Table legend: (Time is in decaauts)
 A = Elapsed time spent in this place.
 B = Non-inter-level travel time spent in this place.
 C = Inter-level travel time spent in this place.
 D = Time resting spent in this place.
 E = Time spent auto-exploring this place.
 F = Levels seen in this place.
 G = Mean time per level.
                   A        B        C        D        E       F      G
               +--------+--------+--------+--------+--------+-----+--------+
         Total |   6666 |   6592 |     74 |     54 |   4637 |   8 |  833.2 |
       Dungeon |   6571 |   6497 |     74 |      1 |   4637 |   7 |  938.7 |
        Bailey |     95 |     95 |      0 |     53 |      0 |   1 |   95.0 |
               +--------+--------+--------+--------+--------+-----+--------+

Top non-repeatable levels by time:
     D:6: 1234 daAuts
     D:4: 1080 daAuts
     D:1: 1011 daAuts
     D:2: 938 daAuts
     D:5: 917 daAuts
     D:3: 876 daAuts
     D:7: 512 daAuts
  Bailey: 95 daAuts
